[Event "Krakow Championship-A 2022"]
[Site "Krakow"]
[Date "2022.07.01"]
[Round "8.12"]
[White "Jacobsen, Mikkel Manosri"]
[Black "Pniaczek, Marek"]
[Result "1-0"]
[ECO "D36"]
[WhiteElo "2251"]
[BlackElo "2298"]
[Annotator "TA"]
[PlyCount "67"]
[EventDate "2022.06.25"]
[EventType "swiss"]
[EventCountry "POL"]
[SourceTitle "playchess.com"]
[Source "ChessBase"]
[SourceQuality "1"]
[TimeControl "40/5400+30:1800+30"]

1. d4 Nf6 2. c4 e6 3. Nc3 d5 4. cxd5 exd5 5. Bg5 c6 6. Qc2 Bd6 7. e3 O-O {[%emt 0:00:35] D36: Queen's Gambit Declined: Exchange Variation: Main line (5 Bg5 c6 6 Qc2).} 8. Bd3 {[%emt 0:00:23][%cal Od3h7] Black must now prevent Bxh7+!} h6 9. Bh4 Re8 {[%emt 0:04:45] The position is equal.} 10. Nge2 a5 11. h3 Na6 12. a3 {[%emt 0:01:15] Inhibits Nb4.} Nc7 {[%emt 0:02:32] [#]} 13. Rd1 $146 ({Predecessor:} 13. O-O Ne6 14. f4 Be7 15. Ng3 g5 16. fxg5 hxg5 17. Nf5 gxh4 18. Qf2 Ng7 19. Nh6+ {0-1 (29) Dubov,D (2702)-Xiong,J (2688) Chess.com INT 2022}) 13... Ne6 14. f3 Ng5 15. e4 Nfxe4 16. fxe4 {[%emt 0:01:18] Threatens to win with e5.} Nf3+ 17. gxf3 Qxh4+ 18. Kd2 Qg5+ 19. Ke1 {[%emt 0:00:31] aiming for e5.} Qg2 $2 {[%emt 0:05:33] [#]} (19... Qh4+ $11 {and Black is okay.} 20. Kd2 Qg5+ 21. Ke1 Qh4+ 22. Kd2) 20. Rf1 $1 $18 ({Worse is} 20. Rg1 Bg3+ 21. Kd2 Bf4+ 22. Ke1 Qh2 23. Nxf4 Qxg1+ 24. Ke2 Qxd4 25. Nfxd5 cxd5 $15) 20... Bxh3 21. Rf2 Qg5 22. e5 Be7 23. f4 Qh4 24. Qd2 (24. Bh7+ $18 Kh8 25. Bf5) 24... f6 $2 {[%emt 0:01:27] [#] Loses the game.} ({Better is} 24... b5 $1 $14) 25. Qe3 $1 {[%emt 0:04:32] And now Kd2 would win.} ({Weaker is} 25. Bg6 Bg4 26. Qe3 (26. Bxe8 Qh1+ 27. Rf1 Qh4+ 28. Rf2 Qh1+ 29. Rf1 Qh4+ 30. Rf2 $11) 26... fxe5 27. dxe5 (27. Bxe8 exd4 28. Rxd4 Rxe8 $14) 27... Reb8 $16) 25... fxe5 26. dxe5 ({Not} 26. fxe5 Rf8 $11) 26... b5 (26... b6 $142 27. Qxb6 Bd7) 27. Kd2 b4 {[%emt 0:00:32] [#]} (27... Be6 $142 28. Rg1 b4) 28. Rh2 $1 {[%emt 0:05:04] White is clearly winning.} bxc3+ (28... d4 29. Nxd4) 29. bxc3 Rab8 30. Rxh3 Rb2+ 31. Bc2 Qg4 32. Qd3 {[%emt 0:00:29] Rg1 is the strong threat.} d4 33. Rg1 dxc3+ 34. Kxc3 {[%emt 0:00:06] Weighted Error Value: White=0.10 (very precise) /Black=0.44} 1-0

[Event "Krakow Championship-A 2022"]
[Site "Krakow"]
[Date "2022.07.01"]
[Round "8.13"]
[White "Trybus, Daniel"]
[Black "Paszewski, Mateusz"]
[Result "1/2-1/2"]
[ECO "B15"]
[WhiteElo "2145"]
[BlackElo "2286"]
[Annotator "TA"]
[PlyCount "118"]
[EventDate "2022.06.25"]
[EventType "swiss"]
[EventCountry "POL"]
[SourceTitle "playchess.com"]
[Source "ChessBase"]
[SourceQuality "1"]
[TimeControl "40/5400+30:1800+30"]

1. e4 c6 2. d4 d5 3. Nc3 dxe4 4. Nxe4 Nf6 5. Nxf6+ exf6 6. c3 Bd6 7. Bd3 O-O 8. Qc2 {[%emt 0:00:06] Active counter play!} Re8+ {[%emt 0:00:04] B15: Caro-Kann: 3 Nc3: 3...g6 and 3...dxe4 4 Nxe4 Nf6 5 Nxf6+ exf6.} 9. Ne2 h5 10. Be3 Nd7 {[%emt 0:00:35] The position is equal.} 11. O-O-O b5 12. d5 c5 13. Bxb5 Rb8 14. c4 a6 15. Ba4 Re5 16. Nc3 Nb6 17. Bb3 {[%emt 0:01:38] [#]} a5 $146 ({Predecessor:} 17... Bf5 18. Qd2 a5 19. a3 Nxd5 20. Nxd5 Rxb3 21. Nc3 Rb6 22. Nb5 Re6 23. Qxa5 Qb8 24. Rxd6 Rbxd6 25. Nxd6 Qxd6 {1-0 (61) Ivic,V (2487)-Hansen,T (2423) Porto Carras 2018}) 18. Rhe1 (18. g3 $14) 18... a4 $11 19. Nxa4 Bf5 20. Qc3 (20. Rd3 $5) 20... Nxa4 21. Bxa4 Re4 22. f4 {[%emt 0:04:21] Against Be5} (22. Bb5 $11) 22... Bc7 $1 $17 23. Bxc5 $2 (23. Bc2 Ba5 24. Qa3 (24. b4 $2 Bxb4 25. Bxe4 Bxe4 $19) 24... Bb4 25. Bxe4 (25. Qa6 $2 Ra8 $19) 25... Bxa3 26. Bxf5 Bxb2+ 27. Kd2 Qa5+ 28. Ke2 Bc3 $19) (23. Re2 $17 {might work better.}) 23... Bxf4+ $19 24. Be3 Qc7 (24... Be5 25. Rd4 $1 $17 (25. Bd4 Bf4+ 26. Be3 Be5 $17)) 25. b3 Qc5 {[%emt 0:01:24] ( -> ...Qa3+)} 26. Kd2 $2 (26. Rd3 Qa3+ 27. Kd1 Bg4+ 28. Kd2) 26... Rd4+ 27. Ke2 Bxe3 ({And not} 27... Bg4+ 28. Kf2 Bxe3+ 29. Qxe3 Rf4+ 30. Kg1 (30. Kg3 $2 g5 $19) 30... Qxe3+ 31. Rxe3 Bxd1 32. d6 $19) 28. Rxd4 Bxd4 {[%emt 0:00:05] This bishop pair is nice.} (28... Qxd4 $2 29. Qxe3 Qb2+ 30. Kf1 $18) 29. Qd2 Be5 30. Kf1 Bxh2 31. Qe3 {[%emt 0:00:32] Prevents Qg1+.} Bd6 32. Qxc5 Bxc5 33. Rd1 Rd8 34. Bc6 Bd7 35. Rb1 Bb4 {[%emt 0:01:34] Threatens to win with ...Bxc6.} 36. a3 Bxa3 {[%emt 0:01:18] Strongly threatening ...Bf5.} 37. b4 Bxc6 38. dxc6 {[%emt 0:00:02][%mdl 4096] Endgame KRB-KR} Rc8 ({Stronger than} 38... Rd4 39. c5 Rd8 40. Rb3 Bxb4 41. Rxb4 $15) 39. b5 Kf8 40. Rd1 Ke7 {[%emt 0:01:48] ...h4 is the strong threat.} 41. Rd5 Bd6 {[%emt 0:12:48] aiming for ...g5.} 42. c5 Bf4 (42... Be5 $19 {is more deadly.} 43. b6 Bb8) 43. Rd7+ $2 (43. Rd4 $17 {was the crucial defense.} Be5 44. Re4) 43... Ke6 44. Ke2 h4 45. Kd3 g5 46. Kc4 f5 $1 47. Rd4 Be5 $2 (47... Bb8 $19 48. b6 g4) 48. b6 Rxc6 (48... Bxd4 $2 49. b7 Rxc6 50. Kxd4 $18) 49. Rd5 (49. Rd8 $17 Bc7 50. b7) 49... Bg3 50. Rd2 g4 51. Kb5 Rc8 {[%emt 0:00:01] White must now prevent ...h3.} 52. c6 h3 {[%emt 0:00:26] And now ...h2 would win.} 53. b7 Rb8 54. gxh3 gxh3 55. Kb6 h2 56. Rd1 {[%emt 0:00:00] [#]} Bf2+ $2 (56... Rd8 $1 57. Rb1 (57. Rxd8 h1=Q) 57... Bb8 58. Rf1 Rd2 59. Rh1 Kf6 60. Rb1 Rc2 61. Rh1 Rb2+ 62. Kc5 Rg2 63. Kb6 Rg1 64. c7 Bxc7+ 65. Kxc7 Rxh1 66. b8=Q Rc1+ 67. Kd8 Rd1+ 68. Kc7 h1=Q 69. Qb6+ Kg7 70. Qb5 Rc1+ 71. Kb6 Kg6 72. Ka5 Ra1+ 73. Kb6 Rc1 74. Ka7 Rc7+ 75. Kb8 Qh2 76. Qb6+ Rc6+ 77. Ka7 Rxb6 78. Kxb6 f4 79. Kc6 f3 80. Kc5 f2 81. Kc6 f1=Q 82. Kd7 Qb5+ 83. Kd8 Qhb8+ 84. Ke7 Q5e8#) 57. Ka5 $2 (57. Ka6 $1 $11 {and White has nothing to worry.} Bg3 58. Kb6) 57... Bg3 58. Kb6 {[%emt 0:00:00] [#] Prevents Bc7+.} Bf2+ $2 (58... Rd8 $1 {[%mdl 512] mates} 59. Rb1 (59. Rc1 Rd2) 59... Bb8 60. Rf1 Rd2 61. Rh1 Kf6 62. Rb1 Rc2 63. Rh1 Rb2+ 64. Kc5 Rg2 65. c7 Bxc7 66. Kb5 Rg1 67. Rxh2 Bxh2 68. Kc4 Rb1 69. Kd4 Rxb7 70. Kd5 Bg1 71. Kc4 f4 72. Kd5 f3 73. Kd6 f2 74. Kc6 f1=Q $1 75. Kxb7 Ke7 76. Kc8 Qa6+ 77. Kc7 Bh2#) 59. Ka5 {[%emt 0:00:00] [#] Intending c7 and mate.} Ke5 $4 {[%mdl 40960] White used his chance.  Weighted Error Value: White=0.58/Black=0.22 (precise) . An unexpected result.} (59... Rxb7 $3 $19 60. cxb7 Bg3) 1/2-1/2

[Event "Krakow Championship-A 2022"]
[Site "Krakow"]
[Date "2022.07.01"]
[Round "8.14"]
[White "Stevik, Patrik jun."]
[Black "Lim, Zhuo Ren"]
[Result "0-1"]
[ECO "A67"]
[WhiteElo "2188"]
[BlackElo "2290"]
[Annotator "TA"]
[PlyCount "78"]
[EventDate "2022.06.25"]
[EventType "swiss"]
[EventCountry "POL"]
[SourceTitle "playchess.com"]
[Source "ChessBase"]
[SourceQuality "1"]
[TimeControl "40/5400+30:1800+30"]

1. d4 Nf6 2. c4 e6 3. Nc3 c5 4. d5 exd5 5. cxd5 d6 6. e4 g6 7. f4 Bg7 8. Bb5+ Nfd7 9. a4 Qh4+ 10. g3 {[%emt 0:07:34] A67: Modern Benoni: Taimanov Variation.} Qd8 11. Nf3 O-O 12. O-O {[%emt 0:00:47] White is slightly better.} Na6 13. Re1 {[%emt 0:02:14] Strongly threatening e5.} Nb4 14. e5 a6 15. e6 axb5 16. e7 Qa5 17. e8=Q Rxe8 18. Rxe8+ Nf8 $1 19. Nxb5 {[%emt 0:07:00] [#]} Bg4 $146 ({Predecessor:} 19... Bf5 20. Rxa8 Qxa8 21. Bd2 Bxb2 22. Nxd6 Bc2 23. Qe1 Qd8 24. Bxb4 cxb4 25. Ra2 Bc3 {0-1 (37) Karthikeyan,P (2342)-Pantsulaia,L (2614) New Delhi 2014}) 20. Rxa8 (20. Nxd6 $2 Rxe8 21. Nxe8 Bd4+ 22. Kg2 Qd8 $19) 20... Qxa8 21. Kg2 (21. Nxd6 Bd4+ 22. Kf1 Qd8 $17) (21. Ra3 $1 $14) 21... b6 22. Ra3 $1 ({Much weaker is} 22. Nxd6 Bxf3+ 23. Kxf3 (23. Qxf3 $2 Nc2 $19) 23... Nxd5 $17) 22... c4 ({Better is} 22... Nxd5 $14 23. h3 (23. Nxd6 Ne6 $11) 23... Be6) 23. Nxd6 $16 Nd3 24. Rxd3 ({White should play} 24. Nxc4 $16 Bxf3+ 25. Kxf3 Qxd5+ 26. Ke3 Qd4+ 27. Ke2 Qe4+ 28. Ne3 Nxc1+ 29. Qxc1) 24... cxd3 $11 25. Qxd3 {[%emt 0:00:23] Qc4 is the strong threat.} Bxf3+ 26. Qxf3 Qxa4 {[%emt 0:00:07] [#] White must now prevent ...Qc2+.} 27. Qe4 {[%emt 0:01:28] Against Qc2+} Qd1 28. Be3 Qb3 29. Bd4 $2 {[%emt 0:02:23][%mdl 8192] Now White is beyond hope.} (29. f5 $11) 29... f5 $19 {[%emt 0:02:14] Black is clearly winning.} 30. Qf3 Qxf3+ 31. Kxf3 {[%emt 0:00:02] [#] aiming for Ke3.} Bxd4 32. b3 Nd7 33. g4 fxg4+ 34. Kxg4 Nf6+ 35. Kg5 Kg7 {[%emt 0:00:30] Hoping for ...Bf2.} 36. f5 Be3+ 37. Kh4 g5+ 38. Kh3 Bf4 39. Nc4 Nxd5 {[%emt 0:00:24] Weighted Error Value: White=0.62/Black=0.07 (flawless)} 0-1

[Event "Krakow Championship-A 2022"]
[Site "Krakow"]
[Date "2022.07.01"]
[Round "8.15"]
[White "Marszalek, Maciej"]
[Black "Turcan, Richard"]
[Result "1/2-1/2"]
[ECO "A34"]
[WhiteElo "2290"]
[BlackElo "2278"]
[Annotator "TA"]
[PlyCount "89"]
[EventDate "2022.06.25"]
[EventType "swiss"]
[EventCountry "POL"]
[SourceTitle "playchess.com"]
[Source "ChessBase"]
[SourceQuality "1"]
[TimeControl "40/5400+30:1800+30"]

1. c4 Nf6 2. Nc3 c5 3. g3 g6 4. Bg2 Bg7 5. e4 Nc6 6. Nge2 O-O 7. O-O d6 8. d3 Nh5 {[%emt 0:09:08] A36: Symmetrical English vs ...g6: 4 Bg2 Bg7.} 9. Rb1 f5 10. a3 a5 {[%emt 0:04:10] [#] White is slightly better.} 11. h3 $146 ({Predecessor:} 11. Bg5 h6 12. Be3 Kh7 13. Kh1 fxe4 14. Nxe4 Bd7 15. h3 Rb8 16. d4 cxd4 17. Nxd4 {½-½ (61) Sliwa,B-Filipowicz,A Polanica Zdroj 1966}) 11... e5 12. exf5 gxf5 13. f4 Qe8 14. Kh2 Qg6 15. Nd5 Kh8 16. Be3 Rg8 17. Qe1 (17. Bf3 $14 {is superior.}) 17... Bf8 ({Black should try} 17... Bd7 $11) 18. Bf3 {[%emt 0:12:00] Active counter play!} Nf6 19. Nxf6 Qxf6 20. Nc3 Be6 21. Nd5 Qg7 22. Rg1 Re8 23. Qf2 Qf7 24. Rbe1 (24. Qe2 $14 {feels stronger.}) 24... e4 (24... Bg7 $11) 25. dxe4 $14 fxe4 26. Bg2 (26. Bxe4 $16 {Strongly threatening f5.} Bxh3 27. Bf3) 26... Bxd5 $15 27. cxd5 Qxd5 28. Rd1 (28. Qc2 $15) 28... Qf7 (28... Qb3 $17 {Hoping for ...d5.} 29. f5 d5) 29. Qd2 {[%emt 0:00:30] Inhibits d5.} Bg7 {[%emt 0:01:15] White must now prevent ...Bd4.} 30. Qxd6 Bd4 31. Bxd4+ cxd4 32. Rge1 Re6 (32... Rg6 $5 33. Qc5 Qb3 $11) 33. Qd5 Rxg3 (33... Qg6 $5 34. g4 Rd8 $11) 34. Rxd4 $2 {[%emt 0:03:22][%mdl 8192] [#]} (34. Rxe4 $14 Rxg2+ 35. Kh1) 34... Rxg2+ $2 (34... Qxf4 $1 $19 {( -> ...Re3+)} 35. Qxe4 Rxh3+ 36. Kg1 Rxe4 37. Rdxe4 Qg5) 35. Kxg2 $11 {[%emt 0:00:28][%cal Od4d3] And now Rd3! would win.} Qg7+ 36. Kh1 Qg3 37. Qd8+ $1 Nxd8 38. Rxd8+ Kg7 39. Rg1 Qxg1+ (39... Qg6 {seems wilder.} 40. f5 Qxg1+ 41. Kxg1 Rb6) 40. Kxg1 $15 {[%emt 0:00:01] KR-KR. The position is equal.} Rb6 41. Rd5 Rxb2 42. Rxa5 b5 43. Ra6 Kf7 44. Rb6 e3 45. Kf1 {[%emt 0:00:00] Weighted Error Value: White=0.39/Black=0.44} 1/2-1/2

[Event "Krakow Championship-A 2022"]
[Site "Krakow"]
[Date "2022.07.01"]
[Round "8.16"]
[White "Liu, Casper"]
[Black "Shehzad, Shazil"]
[Result "1-0"]
[ECO "B23"]
[WhiteElo "2218"]
[BlackElo "2237"]
[Annotator "TA"]
[PlyCount "53"]
[EventDate "2022.06.25"]
[EventType "swiss"]
[EventCountry "POL"]
[SourceTitle "playchess.com"]
[Source "ChessBase"]
[SourceQuality "1"]
[TimeControl "40/5400+30:1800+30"]

1. e4 c5 2. Nc3 a6 3. Nf3 d6 4. d4 cxd4 5. Qxd4 Nc6 6. Qe3 {[%emt 0:00:48] B50: Sicilian: 2...d6, Miscellaneous.} e6 7. b3 {[%emt 0:05:19] [#]} b5 $146 ({Predecessor:} 7... Nf6 8. Bb2 Be7 9. O-O-O Qa5 10. Kb1 O-O 11. h3 b5 12. e5 dxe5 13. Nxe5 Qc7 {1-0 (57) Rudd,J (2281)-McNab,C (2456) Hastings 2006}) 8. Bb2 {[%emt 0:00:30] The position is equal.} Nf6 9. O-O-O Nd7 (9... Bb7 $15) 10. Kb1 $11 Be7 11. Ne2 O-O 12. Qc3 {[%emt 0:01:01][%csl Gb2][%cal Rc3g7] [#]} Nce5 $1 13. Nfd4 (13. Ned4 $11 Bb7 14. Nxe5 Nxe5 15. Qe1) 13... Bb7 $15 14. f4 Rc8 15. Qg3 {[%emt 0:03:56] [#]} Bxe4 16. fxe5 dxe5 {[%emt 0:00:37] Hoping for ...Bg6.} 17. Nc3 Bg6 18. Nf3 Qc7 19. Bd3 {[%emt 0:02:04] And now Bxg6 would win.} f5 20. Nh4 Bxh4 (20... Rf6 $14) 21. Qxh4 $16 e4 22. Be2 {[%emt 0:01:30] Black must now prevent Qe7.} Nb6 (22... Nf6 $16 {might work better.}) 23. Rc1 $18 f4 (23... b4 $142) 24. Bh5 e3 $2 (24... Bxh5 25. Qxh5 e3) 25. Bxg6 {[%emt 0:00:27] White is clearly winning.} hxg6 26. Ne4 {[%emt 0:00:18] aiming for Ng5.} Nd5 27. Ng5 {[%emt 0:00:14] Weighted Error Value: White=0.12 (very precise) /Black=0.47} 1-0

[Event "Krakow Championship-A 2022"]
[Site "Krakow"]
[Date "2022.07.01"]
[Round "8.17"]
[White "Sieber, Fiona"]
[Black "Lye, Lik Zang"]
[Result "1/2-1/2"]
[ECO "B66"]
[WhiteElo "2264"]
[BlackElo "2358"]
[Annotator "TA"]
[PlyCount "107"]
[EventDate "2022.06.25"]
[EventType "swiss"]
[EventCountry "POL"]
[SourceTitle "playchess.com"]
[Source "ChessBase"]
[SourceQuality "1"]
[TimeControl "40/5400+30:1800+30"]

1. e4 c5 2. Nf3 d6 3. d4 cxd4 4. Nxd4 Nf6 5. Nc3 Nc6 6. Bg5 e6 7. Qd2 a6 8. Nxc6 {[%emt 0:00:23] B66: Sicilian: Richter-Rauzer: 7...a6 8 0-0-0 h6.} bxc6 9. O-O-O {[%emt 0:00:06][%cal Oe4e5] Strongly threatening e5!} Qa5 {[%emt 0:05:48] [#]} 10. Bf4 $146 {[%emt 0:16:45] White is slightly better.} ({Predecessor:} 10. Bc4 Ng4 11. Bh4 g5 12. Bg3 Ne5 13. Bb3 Be7 14. f3 Rb8 15. Kb1 Rg8 16. h4 Qb4 17. a3 Qb6 18. f4 gxf4 19. Bxf4 a5 20. h5 {0-1 (20) Wen,Y (2581)-Sjugirov,S (2663) Qinhuangdao 2018}) 10... e5 11. Bg5 Rb8 (11... Be6 $11) 12. Bc4 (12. Bxf6 $5 gxf6 13. f3 $11) 12... Be6 13. Bb3 Nd7 14. Kb1 {[%emt 0:07:15][%cal Oc3d5] Threatens to win with Nd5!} Nc5 15. f4 h6 16. Bh4 exf4 17. Qxf4 Nxb3 18. axb3 g5 19. Qf6 Qe5 20. Qxe5 dxe5 21. Bf2 Bb4 22. Rd3 Ke7 23. Na4 Rhd8 24. Nc5 Rxd3 25. Nxd3 Bd6 26. Nc5 Rb5 27. Nxe6 Kxe6 $11 {[%emt 0:00:08][%mdl 4096] Endgame KRB-KRB} 28. g4 Rb4 29. Re1 Rb8 30. Be3 f6 31. h3 h5 32. Re2 (32. Kc1 $11 {keeps the balance.}) 32... Rh8 $1 $17 33. Rg2 hxg4 34. hxg4 Rh3 35. Bd2 Rh1+ 36. Ka2 Bc5 (36... Rf1 $1 $19 {[%cal Of1f4] ...Rf4! is the strong threat.} 37. b4 Rf3) 37. b4 $1 $11 Bg1 38. Kb3 Rh3+ 39. Kc4 Be3 40. Be1 Bc1 41. Bc3 Be3 42. Be1 Bb6 43. Rg3 {[%emt 0:01:05] [#]} (43. c3 $11) 43... Rh1 $1 $17 44. Bd2 {[%emt 0:00:12] [#]} Rd1 ({Better is} 44... Rh2 $1 $17 45. Kd3 (45. Rd3 $2 Re2 $19) 45... Bd4) 45. Kd3 $11 {[%emt 0:00:34] The position is equal.} Bf2 46. Rg2 Be1 47. Ke3 Bxd2+ 48. Rxd2 {[%emt 0:00:01] KR-KR} Rg1 49. Kf3 {[%emt 0:00:09] Inhibits Rg3+.} Rf1+ 50. Rf2 Rd1 51. Ke3 Rg1 52. Kf3 {[%emt 0:00:10] Prevents Rg3+.} Rd1 53. Ke3 Rg1 54. Kf3 {Against Rg3+.  Weighted Error Value: White=0.15 (very precise) /Black=0.14 (very precise)} 1/2-1/2

[Event "Krakow Championship-A 2022"]
[Site "Krakow"]
[Date "2022.07.01"]
[Round "8.18"]
[White "Goroshkov, Maksym"]
[Black "Michalicka, Milan"]
[Result "1-0"]
[ECO "B21"]
[WhiteElo "2226"]
[BlackElo "2222"]
[Annotator "NA RC"]
[PlyCount "59"]
[EventDate "2022.06.25"]
[EventType "swiss"]
[EventCountry "POL"]
[SourceTitle "playchess.com"]
[Source "ChessBase"]
[SourceQuality "1"]
[TimeControl "40/5400+30:1800+30"]

1. e4 c5 2. d4 cxd4 3. c3 dxc3 4. Nxc3 Nc6 5. Nf3 d6 6. Bc4 a6 7. O-O Nf6 8. a4 e6 9. Qe2 Be7 10. Rd1 Bd7 11. h3 O-O 12. Bf4 Qb8 13. Rac1 Ne5 14. b4 Rc8 15. Ba2 b5 16. a5 Nxf3+ 17. Qxf3 Bc6 18. Qd3 Rd8 19. Bb1 Rd7 20. f3 g6 21. Ba2 Qa7+ 22. Be3 Qb7 23. Nd5 Bd8 24. Nb6 Bxb6 25. Bxb6 e5 26. Qc2 Bxe4 27. fxe4 Re8 28. Bd5 Nxd5 29. Rxd5 f5 30. Qc6 1-0

[Event "Krakow Championship-A 2022"]
[Site "Krakow"]
[Date "2022.07.01"]
[Round "8.19"]
[White "Gjestemoen-VonHirsch, Andre"]
[Black "Kvaloy, Aksel Bu"]
[Result "1/2-1/2"]
[ECO "B90"]
[WhiteElo "2236"]
[BlackElo "2296"]
[Annotator "NA RC"]
[PlyCount "25"]
[EventDate "2022.06.25"]
[EventType "swiss"]
[EventCountry "POL"]
[SourceTitle "playchess.com"]
[Source "ChessBase"]
[SourceQuality "1"]
[TimeControl "40/5400+30:1800+30"]

1. e4 c5 2. Nf3 d6 3. d4 cxd4 4. Nxd4 Nf6 5. Nc3 a6 6. Be3 e5 7. Nb3 Ng4 8. Bd2 Nf6 9. Be3 Ng4 10. Bd2 Nf6 11. Be3 Ng4 12. Bd2 Nf6 13. Be3 1/2-1/2

[Event "Krakow Championship-A 2022"]
[Site "Krakow"]
[Date "2022.07.01"]
[Round "8.20"]
[White "Kyc, Jerzy"]
[Black "Kantorik, Marian"]
[Result "1-0"]
[ECO "C70"]
[WhiteElo "2213"]
[BlackElo "2211"]
[Annotator "RC"]
[PlyCount "85"]
[EventDate "2022.06.25"]
[EventType "swiss"]
[EventCountry "POL"]
[SourceTitle "playchess.com"]
[Source "ChessBase"]
[SourceQuality "1"]
[TimeControl "40/5400+30:1800+30"]

1. e4 e5 2. Nf3 Nc6 3. Bb5 a6 4. Ba4 Nge7 5. O-O g6 6. c3 Bg7 7. d4 b5 8. Bb3 d6 9. h3 O-O 10. Be3 Na5 11. Bc2 Nc4 12. Qc1 Nxe3 13. Qxe3 exd4 14. cxd4 c5 15. Nc3 cxd4 16. Nxd4 Bb7 17. a3 Qc7 18. Bb3 Qc5 19. Rad1 Kh8 20. Nde2 Rad8 21. Qd2 f5 22. Nf4 Bc8 23. Ncd5 Nxd5 24. exd5 Rfe8 25. Ne6 Bxe6 26. dxe6 Qe5 27. Bd5 Rc8 28. Qa5 Rc5 29. Qxa6 Bf8 30. Qb7 Qxb2 31. a4 Qg7 32. a5 Qxb7 33. Bxb7 Rc7 34. a6 Rb8 35. Rc1 Rcxb7 36. axb7 Rxb7 37. Rc8 Kg7 38. Rd8 Be7 39. Rd7 Rxd7 40. exd7 Kf7 41. Re1 b4 42. Re3 d5 43. Re5 1-0

[Event "Krakow Championship-A 2022"]
[Site "Krakow"]
[Date "2022.07.01"]
[Round "8.21"]
[White "Easwaralingam, Adesh"]
[Black "Torkkola, Henri"]
[Result "0-1"]
[ECO "C07"]
[WhiteElo "2116"]
[BlackElo "2197"]
[Annotator "RC"]
[PlyCount "85"]
[EventDate "2022.06.25"]
[EventType "swiss"]
[EventCountry "POL"]
[SourceTitle "playchess.com"]
[Source "ChessBase"]
[SourceQuality "1"]
[TimeControl "40/5400+30:1800+30"]

1. e4 e6 2. d4 d5 3. Nd2 c5 4. Ngf3 cxd4 5. Nxd4 Nc6 6. Bb5 Bd7 7. Nxc6 bxc6 8. Bd3 Bd6 9. O-O Qc7 10. h3 Ne7 11. c4 d4 12. Nb3 c5 13. f4 e5 14. f5 f6 15. Qh5+ Kf8 16. g4 Nc6 17. a3 Rb8 18. Nd2 Ke7 19. g5 h6 20. gxf6+ gxf6 21. Kh2 Be8 22. Qh4 Bf7 23. Rg1 Qb7 24. Rg7 Rbg8 25. Rxg8 Bxg8 26. Qg3 Bf7 27. Qg7 Qb8 28. Nf3 Rg8 29. Qxh6 Qb3 30. Be2 d3 31. Qe3 Nd4 32. Bxd3 Qd1 33. Nd2 Nxf5 34. Qf2 Nd4 35. b4 Be6 36. Bf1 Bd7 37. Rb1 Qh5 38. Bg2 f5 39. Bb2 f4 40. Bxd4 cxd4 41. Nf1 Kf8 42. Rb3 Be7 43. Kg1 0-1

[Event "Krakow Championship-A 2022"]
[Site "Krakow"]
[Date "2022.07.02"]
[Round "9.1"]
[White "Warakomski, Tomasz"]
[Black "Fus, Jakub"]
[Result "1/2-1/2"]
[ECO "B11"]
[WhiteElo "2534"]
[BlackElo "2378"]
[Annotator "TA"]
[PlyCount "115"]
[EventDate "2022.06.25"]
[EventType "swiss"]
[EventCountry "POL"]
[SourceTitle "playchess.com"]
[Source "ChessBase"]
[SourceQuality "1"]
[TimeControl "40/5400+30:1800+30"]

1. e4 c6 2. Nc3 d5 3. Nf3 Bg4 4. h3 Bxf3 5. Qxf3 e6 6. d4 Nf6 7. Be2 dxe4 8. Qe3 Nbd7 9. Nxe4 Nxe4 10. Qxe4 Nf6 {[%emt 0:06:18] B11: Caro-Kann: Two Knights Variation.} 11. Qe3 Bd6 {[%emt 0:01:20] [#]} 12. Qb3 $146 ({Predecessor:} 12. Bd2 Nd5 13. Qe4 Qf6 14. c4 Nf4 15. Bf3 Qg6 16. g3 Nd3+ 17. Ke2 Nxb2 18. c5 {1-0 (32) Lancia,T-Aiken,R (1985) ICCF email 2013}) 12... Qb6 13. c3 O-O 14. O-O e5 15. dxe5 Bxe5 16. Bf3 Qxb3 17. axb3 a6 18. Rd1 Rad8 19. Be3 Bc7 20. g3 Rxd1+ 21. Rxd1 Rd8 22. Re1 Re8 23. Kg2 Bb6 24. Bd2 Rxe1 25. Bxe1 $11 {[%emt 0:00:04][%mdl 4096] Endgame KBB-KBN} Kf8 26. Bd2 Ke7 27. Kf1 Ke6 28. Ke2 Nd5 29. c4 Nf6 30. b4 Bd4 31. b3 Ne8 32. Bg2 Nd6 33. f4 f5 34. g4 g6 35. g5 Bg7 36. Kd3 h6 37. h4 hxg5 38. hxg5 Ne8 39. b5 axb5 40. cxb5 Kd7 41. b6 Nd6 42. Be3 Bf8 43. Bc5 Be7 44. Bf1 Nc8 45. Kd4 Bd6 46. Bc4 Bxf4 47. Bf7 Bxg5 48. Ke5 {[%emt 0:00:52] Prevents Bf6+.} Be7 49. Be6+ {[%emt 0:00:12] [#]} (49. Be3 $11) 49... Ke8 (49... Kd8 $1 $17 50. Bxc8 Bxc5 51. Bxb7 Ke7) 50. Bxc8 {[%emt 0:00:19] Black must now prevent Bxe7. The position is equal.} Bxc5 {[%emt 0:00:00] KB-KB} 51. Kf6 Bxb6 52. Kxg6 f4 53. Bxb7 Kd7 54. Kf5 f3 55. Ke4 f2 56. Ba6 Kd6 57. Kf3 Ba7 58. Ke4 {Weighted Error Value: White=0.05 (flawless) /Black=0.06 (flawless)} (58. b4 $11) 1/2-1/2